 Dungeon Crawl Stone Soup version 0.31-a0-542-gdc2a67831c (webtiles) character file.

Game seed: 4535998355669844255

2 GordonOverkill the Sneak (level 1, -1/11 HPs)
             Began as a Vine Stalker Delver on Aug 14, 2023.
             Splashed by a jelly's acid (9 damage)
             ... on level 7 of the Dungeon.
             The game lasted 00:00:58 (111 turns).

GordonOverkill the Sneak (Vine Stalker Delver)       Turns: 111, Time: 00:00:59

Health: -1/11      AC: 10    Str: 14    XL:     1   Next: 30%
Magic:  0/0        EV: 11    Int: 15    God:
Gold:   0          SH:  0    Dex: 15    Spells: 0/0 levels left

rFire   + . .        h - +4 falchion of Meulo {protect, rF+ Will+ MP-9 Int+5}
rCold   . . .        (no shield)
rNeg    . . .        b - +0 leather armour
rPois   .            (no helmet)
rElec   .            (no cloak)
rCorr   .            (no gloves)
SInv    .            (no boots)
Will    +....        (no amulet)
Stlth   +++          (no ring)
HPRegen 0.21/turn    (no ring)
MPRegen 0.07/turn

%: guardian spirit
@: under a protective aura
A: fangs 2, magic shield, antimagic bite, no potion heal 2
a: no special abilities


You were on level 7 of the Dungeon.
You visited 1 branch of the dungeon, and saw 3 of its levels.

Inventory:

Hand Weapons
 a - a +0 mace
 h - the +4 falchion of Meulo (weapon) {protect, rF+ Will+ MP-9 Int+5}
   (You found it on level 6 of the Dungeon)

   Int+5:     It affects your intelligence (+5).
   rF+:       It protects you from fire.
   Will+:     It increases your willpower.
   MP-9:      It affects your magic capacity (-9).
Armour
 b - a +0 leather armour (worn)
 i - a +0 ring mail
Wands
 g - a wand of digging (3)
Scrolls
 c - 2 scrolls of fog
 d - a scroll of revelation
Potions
 f - a potion of haste
 j - a potion of attraction {unknown}


   Skills:
 + Level 2.7 Fighting
 * Level 0.3 Long Blades
 - Level 1.7 Maces & Flails
 - Level 1.5 Dodging
 - Level 6.0 Stealth


You couldn't memorise any spells.
You didn't know any spells.
Your spell library was empty.

Dungeon Overview and Level Annotations

Branches:
Dungeon (7/15)
 Temple: D:4-7

Altars:
Makhleb


Innate Abilities, Weirdness & Mutations

You have extremely sharp teeth.
When hurt, damage is shared between your health and your magic reserves.
Your bite disrupts and absorbs the magic of your enemies.
Potions cannot restore your health.


Message History

A sleepcap comes into view.
The white imp gestures at you. The puff of frost hits you!
Ouch! That really hurt!
* * * LOW HITPOINT WARNING * * *
As you read the scroll of fear, it crumbles to dust.
You assume a fearsome visage.
The white imp looks frightened!
The sleepcap is unaffected.
The blizzard demon shouts!
You start resting.
HP restored.
There is a stone staircase leading down here.
You climb downwards.
Found 23 gold pieces and a scroll labelled ZYLLESS YBUT.
Found a stone staircase leading down.
There is a stone staircase leading up here.
The helpless orc fails to defend itself.
You hit the orc.
Your weapon exudes an aura of protection.
The orc is lightly wounded.
The jelly quivers.
The orc barely misses you.
You hit the orc.
The orc is moderately wounded.
The orc barely misses you.
You hit the orc but do no damage.
The orc is moderately wounded.
The orc misses you.
You hit the orc. You bite the orc. You drain its power.
The orc is almost dead.
The orc hits you but does no damage. The orc closely misses you.
The jelly barely misses you.
You hit the orc.
You kill the orc!
The jelly hits you but does no damage.
You hit the jelly.
Your hands burn!
The jelly is moderately wounded.
The jelly hits you.
You are splashed with acid!
Ouch! That really hurt!
You die...

####
##...##
##.....##
#.......#
#.?..)..#
##....J@.#
..>.$...##
.......<.#
##.$.....#
#.......#
#......##
#.#...##
#.#### #


You could see a jelly.

Vanquished Creatures
  An orc (D:7)
1 creature vanquished.

Notes
Turn   | Place    | Note
-------+----------+-------------------------------------------
     0 | D:5      | GordonOverkill the Vine Stalker Delver began the quest for
                  | the Orb.
     0 | D:5      | Reached XP level 1. HP: 11/11 MP: 2/2
    14 | D:6      | Identified the +4 falchion of Meulo {protect, rF+ Will+
                  | MP-9 Int+5}
    55 | D:6      | Found a burning altar of Makhleb.
    55 | D:6      | Noticed a blizzard demon
    66 | D:6      | Noticed a sleepcap
   103 | D:7      | Noticed a jelly
   111 | D:7      | Splashed by a jelly's acid

Illustrated notes

Levels and vault maps discovered:
D:5:      layout_basic, minmay_divided_ellipse
D:6:      layout_cave_pods, grunt_temple_overflow_order_and_chaos_2
D:7:      layout_rooms, serial_shops, shop

Action                     || total
---------------------------++-------
  Melee: Falchion          ||     6
         Bite              ||     1
    Use: Scroll            ||     1
   Stab: Sleeping          ||     1
 Armour: Leather armour    ||     2
  Dodge: Dodged            ||     5

Table legend: (Time is in decaauts)
 A = Elapsed time spent in this place.
 B = Non-inter-level travel time spent in this place.
 C = Inter-level travel time spent in this place.
 D = Time resting spent in this place.
 E = Time spent auto-exploring this place.
 F = Levels seen in this place.
 G = Mean time per level.
                   A        B        C        D        E       F      G
               +--------+--------+--------+--------+--------+-----+--------+
         Total |    111 |    111 |      0 |     10 |      0 |   3 |   37.0 |
       Dungeon |    111 |    111 |      0 |     10 |      0 |   3 |   37.0 |
               +--------+--------+--------+--------+--------+-----+--------+

Top non-repeatable levels by time:
     D:6: 101 daAuts
     D:7: 9 daAuts
     D:5: 1 daAuts
